Match 45196856
Unlisted

Match 45196856
End
Panzerpioneer Squad
Selects Panzerjäger Kommand Battlegroup
Selects Mine Fields
Panzergrenadier Squad
250 Light Carrier
Panzergrenadier Squad
Construct Light Support Kompanie
Fire Support Elements
Combat Half-tracks
Selects Defensive Positions
Panzerjäger Mechanized Group
Flakvierling Half-track
Selects Tank Busters
2.5-tonne Medical Truck
Veteran Squad Leaders
Construct Panzerarmee Kommand
Panzerjäger Mechanized Group
Walking Stuka Rocket Launcher
Armored Reserves
Selects Butterfly Bomb Drop
Selects Crew Shock Tactics
Butterfly Bomb Drop
le.IG 18 Support Gun Team
Butterfly Bomb Drop
Panzerjäger Squad
Emergency Repair Kits
Butterfly Bomb Drop
Tiger Heavy Tank
Rapid Advance
Selects Elefant Tank Destroyer
Elefant Tank Destroyer
Advanced Optics
Tiger Heavy Tank
Butterfly Bomb Drop
Assault Grenadier Squad
Elefant Tank Destroyer
Butterfly Bomb Drop
Walking Stuka Rocket Launcher
Napy
956333745
gihof NAFO
DPortela
sewage bill
TeamSpeakUser
LITTLE TRICKSTER
jway22
0
0

Comments sign in to comment!

No comments posted yet!